AoeStats
← thepig

Marketplace

506237182Analyzed
1v1 RM · 19d ago on Sep 12, 2026· 25m 15s· 2 players
Game mode
Random Map
Map size
Tiny (2 player)
Population
200
Speed
Normal
Resources
Standard
Victory
Conquest
Starting age
Dark Age
Ending age
Imperial Age
RankedLock teamsTeams togetherTeam positionsShared explorationLock speedFull tech treeHidden civsTurbo modeCheats
Victory
Defeat
🇦🇷 Cumans · Argentina
991
+18
🇧🇪 Ethiopians · Belgium
1024
-18
marcosribone
6:51 Loom
10:49 Feudal Age
13:46 Man-at-Arms
thepig
9:38 Loom
11:30 Feudal Age
15:38 Man-at-Arms
18:55 Gold Mining
18:52 Double-Bit Axe
23:04 Fletching
Connection lost

Rejoining the realm…

Still unreachable

The connection could not be restored.

Session expired

The server has moved on; the page needs a fresh start.